AoeStats
← oveou

Arena

506856773Analyzed
4v4 RM · 18d ago on Sep 15, 2026· 53m 28s· 8 players
Game mode
Random Map
Map size
Large (8 player)
Population
200
Speed
Normal
Resources
Standard
Victory
Conquest
Starting age
Dark Age
Ending age
Imperial Age
RankedLock teamsTeams togetherTeam positionsShared explorationLock speedFull tech treeHidden civsTurbo modeCheats
Victory
Defeat
🇹🇼 Huns · Taiwan
1439
+9
🇲🇩 Malay · Moldova
1305
+14
🇨🇱 Franks · Chile
1230
+17
🇹🇼 Goths · Taiwan
1184
+18
🇭🇰 Burgundians · Hong Kong SAR China
1271
-15
🇦🇺 Turks · Australia
1264
-15
🇨🇳 Vikings · China
1237
-14
1235
-14
五虎上將-張飛
5:36 Loom
5:48 Double-Bit Axe
12:15 Feudal Age
16:39 Castle Age
15:39 Bow Saw
15:35 Horse Collar
16:18 Gold Mining
18:06 Heavy Plow
19:10 Husbandry
20:02 Cavalier
21:40 Wheelbarrow
23:28 Scale Barding Armor
26:28 Chain Barding Armor
27:38 Hand Cart
27:36 Forging
28:59 Iron Casting
29:17 Crop Rotation
29:32 Gold Shaft Mining
32:46 Scale Mail Armor
35:20 Imperial Age
32:13 Pikeman
32:54 Squires
32:39 Arson
34:02 Chain Mail Armor
34:56 Two-Man Saw
35:00 Fortified Wall
34:31 Treadmill Crane
35:01 Masonry
34:53 Stone Mining
35:25 Halberdier
36:40 Plate Mail Armor
37:10 Blast Furnace
36:46 Plate Barding Armor
38:36 Conscription
38:33 Burgundian Vineyards
41:55 Paladin
43:13 Fletching
45:39 Coinage
44:55 Light Cavalry
45:44 Bodkin Arrow
47:05 Banking
47:02 Ballistics
47:15 Bracer
47:15 Padded Archer Armor
49:21 Elite Skirmisher
50:35 Hussar
52:12 Leather Archer Armor
55:02 Chemistry
一个女人和七个正太
11:31 Feudal Age
14:48 Castle Age
12:35 Double-Bit Axe
13:48 Horse Collar
14:38 Stone Mining
16:14 Bow Saw
16:06 Heavy Plow
21:19 Wheelbarrow
21:11 Gold Mining
23:03 Stone Shaft Mining
24:10 Hand Cart
25:25 Gold Shaft Mining
25:19 Scale Barding Armor
27:05 Chain Barding Armor
29:47 Imperial Age
28:48 Loom
29:50 Forging
29:53 Bloodlines
29:44 Husbandry
31:09 Plate Barding Armor
29:58 Elite Battle Elephant
31:36 Iron Casting
30:48 Town Watch
31:35 Crop Rotation
31:10 Tusk Swords
31:35 Conscription
32:07 Light Cavalry
33:50 Town Patrol
35:08 Blast Furnace
39:53 Masonry
39:57 Fletching
41:13 Hussar
45:31 Bodkin Arrow
45:58 Ballistics
49:43 Scale Mail Armor
50:15 Architecture
oveou
11:17 Feudal Age
14:58 Castle Age
13:39 Double-Bit Axe
14:21 Horse Collar
14:49 Man-at-Arms
15:31 Loom
18:00 Long Swordsman
19:05 Scale Mail Armor
19:28 Squires
19:14 Gambesons
22:02 Town Watch
23:24 Gold Mining
24:14 Bow Saw
25:09 Heavy Plow
25:46 Gold Shaft Mining
29:50 Imperial Age
27:39 Fletching
28:01 Stone Mining
28:02 Crossbowman
30:15 Ballistics
29:52 Bodkin Arrow
29:58 Padded Archer Armor
30:34 Fortified Wall
32:02 Chemistry
33:03 Bracer
33:02 Arbalester
33:41 Pikeman
34:45 Conscription
36:50 Forging
39:16 Onager
41:17 Leather Archer Armor
49:21 Crop Rotation
炎帝
11:22 Feudal Age
12:05 Horse Collar
12:11 Double-Bit Axe
12:17 Gold Mining
17:35 Castle Age
22:33 Imperial Age
21:41 Bow Saw
22:09 Gold Shaft Mining
23:19 Stone Mining
25:40 Loom
28:09 Wheelbarrow
27:20 Town Watch
30:03 Fortified Wall
32:04 Hand Cart
34:26 Heavy Plow
34:59 Bombard Tower
34:56 Fletching
36:01 Treadmill Crane
36:43 Ballistics
36:45 Bodkin Arrow
37:37 Artillery
38:59 Masonry
40:55 Two-Man Saw
40:15 Bracer
41:44 Architecture
43:04 Town Patrol
43:54 Padded Archer Armor
48:05 Bloodlines
47:55 Husbandry
49:17 Heavy Camel Rider
51:51 Scale Barding Armor
51:57 Forging
53:10 Murder Holes
Crusader
0:26 Loom
0:48 Loom
10:49 Feudal Age
15:58 Castle Age
15:02 Double-Bit Axe
15:12 Stone Mining
26:09 Wheelbarrow
29:02 Hand Cart
29:03 Bow Saw
29:37 Forging
33:30 Imperial Age
31:20 Scale Mail Armor
32:23 Town Watch
33:06 Chain Mail Armor
33:27 Iron Casting
33:46 Caravan
34:22 #83
35:25 Blast Furnace
35:01 Plate Mail Armor
36:34 Elite Throwing Axeman
39:15 Cavalier
40:44 Scale Barding Armor
40:42 Husbandry
42:14 Chain Barding Armor
44:09 Paladin
47:54 Plate Barding Armor
49:42 Chivalry
tower rusher = kys
8:53 Feudal Age
8:31 Double-Bit Axe
9:54 Horse Collar
16:42 Castle Age
16:38 Bow Saw
17:18 Wheelbarrow
21:03 Hand Cart
22:01 Gold Mining
23:21 Gold Shaft Mining
25:33 Forging
25:29 Scale Barding Armor
28:35 Imperial Age
26:10 Stone Mining
27:31 Scale Barding Armor
27:37 Forging
27:26 Loom
28:00 Husbandry
28:06 Elite Battle Elephant
29:29 Heavy Plow
30:24 Iron Casting
30:25 Fletching
32:11 Blast Furnace
32:26 Conscription
33:28 Chemistry
32:44 Town Watch
33:01 Fletching
33:41 Bodkin Arrow
34:57 Siege Engineers
35:15 Bracer
36:09 Ballistics
35:45 Murder Holes
35:54 Town Patrol
43:33 Masonry
43:14 Heated Shot
43:39 Masonry
43:10 Treadmill Crane
46:24 Caravan
48:04 Forced Levy
綾瀨 奏
0:28 Loom
12:34 Feudal Age
14:02 Wheelbarrow
16:34 Castle Age
16:22 Horse Collar
17:28 Double-Bit Axe
19:26 Forging
19:17 Scale Mail Armor
19:22 Pikeman
20:50 Squires
21:11 Bow Saw
25:04 Town Watch
26:20 Hand Cart
28:30 Heavy Plow
31:26 Iron Casting
31:06 Chain Mail Armor
34:53 Chain Mail Armor
44:50 Anarchy
47:22 Imperial Age
44:55 Town Patrol
45:24 Caravan
48:21 Perfusion
51:16 Blast Furnace
50:34 Halberdier
破皮大師
11:08 Feudal Age
15:00 Castle Age
13:31 Double-Bit Axe
13:28 Horse Collar
16:42 Bow Saw
23:23 Wheelbarrow
23:37 Gold Mining
25:38 Hand Cart
28:37 Imperial Age
28:56 Gold Shaft Mining
28:13 Stone Mining
28:36 Bloodlines
28:26 Husbandry
28:42 Scale Barding Armor
28:48 Forging
29:03 Marauders
29:25 Forging
28:42 Cavalier
30:08 Conscription
30:19 Masonry
30:00 Paladin
31:34 Chain Barding Armor
31:49 Iron Casting
32:18 Heavy Plow
33:32 Elite Tarkan
35:09 Caravan
35:48 Plate Barding Armor
36:14 Blast Furnace
39:31 Two-Man Saw
41:00 Fletching
41:11 Padded Archer Armor
42:55 Chemistry
42:14 Heavy Cavalry Archer
43:20 Parthian Tactics
43:01 Thumb Ring
43:31 Leather Archer Armor
43:12 Bodkin Arrow
52:22 Bracer
53:49 Ballistics
Connection lost

Rejoining the realm…

Still unreachable

The connection could not be restored.

Session expired

The server has moved on; the page needs a fresh start.